 Dungeon Crawl Stone Soup version 0.30.0-18-gc0e69614cb (webtiles) character file.

Game seed: 3888895551652778

225 GasterBasher the Shield-Bearer (level 6, -2/48 HPs)
             Began as a Formicid Fighter on May 18, 2023.
             Slain by an iguana (11 damage)
             ... on level 7 of the Dungeon on May 24, 2023.
             The game lasted 00:07:23 (3154 turns).

GasterBasher the Shield-Bearer (Formicid Fighter)   Turns: 3154, Time: 00:07:23

Health: -2/48      AC:  7    Str: 22    XL:     6   Next: 21%
Magic:  6/6        EV:  9    Int:  8    God:
Gold:   150        SH:  5    Dex: 13    Spells: 5/5 levels left

rFire   . . .        (no weapon)
rCold   . . .        c - +0 buckler
rNeg    . . .        b - +0 scale mail
rPois   .            (helmet unavailable)
rElec   .            (no cloak)
rCorr   .            (no gloves)
SInv    +            (no boots)
Will    .....        (no amulet) Stlth
                     (no ring)
HPRegen 0.28/turn    (no ring)
MPRegen 0.10/turn

%: no passive effects
@: no status effects
A: permanent stasis, dig shafts and tunnels, antennae 3, four strong arms
a: Dig, Shaft Self


You were on level 7 of the Dungeon.
You visited 1 branch of the dungeon, and saw 5 of its levels.

You collected 150 gold pieces.

Inventory:

Armour
 b - a +0 scale mail (worn)
 c - a +0 buckler (worn)
Jewellery
 n - a ring of ice
Wands
 j - a wand of roots (8)
Scrolls
 e - a scroll of identify
 g - a scroll of immolation
Potions
 d - a potion of might
 f - 5 potions of curing
 i - a potion of invisibility
 k - 2 potions of berserk rage
 l - 2 potions of haste
 o - a potion of heal wounds
 p - a potion of lignification
 q - a potion of flight


   Skills:
 + Level 4.1 Fighting
 + Level 4.0 Axes
 + Level 4.5 Armour
 + Level 0.5 Dodging
 + Level 0.2 Stealth
 + Level 4.8 Shields


You had 5 spell levels left.
You didn't know any spells.
Your spell library was empty.

Dungeon Overview and Level Annotations

Branches:
Dungeon (4/15)
 Temple: D:4-7

Altars:

Annotations:
D:4 Dowan, Duvessa


Innate Abilities, Weirdness & Mutations

You cannot be hasted, slowed, berserked, paralysed or teleported.
You can dig through walls and to a lower floor.
You have a pair of large antennae on your head. (SInv)
Your four strong arms can wield two-handed weapons with a shield.


Message History

You are too injured to fight recklessly!
You hit the iguana but do no damage.
The iguana is moderately wounded.
The iguana bites you.
You hit the iguana but do no damage.
The iguana is moderately wounded.
The iguana bites you!
* * * LOW HITPOINT WARNING * * *
You closely miss the iguana.
The iguana is moderately wounded.
You block the iguana's attack.
You hit the iguana.
The iguana is heavily wounded.
The iguana barely misses you.
You hit the iguana.
The iguana is severely wounded.
The iguana bites you.
* * * LOW HITPOINT WARNING * * *
You hit the iguana but do no damage.
The iguana is severely wounded.
The iguana closely misses you.
You hit the iguana but do no damage.
The iguana is severely wounded.
You block the iguana's attack.
You hit the iguana but do no damage.
The iguana is severely wounded.
The iguana bites you but does no damage.
You completely miss the iguana.
The iguana is severely wounded.
The iguana closely misses you.
You closely miss the iguana.
The iguana is severely wounded.
The iguana barely misses you.
You hit the iguana but do no damage.
The iguana is severely wounded.
The iguana completely misses you.
You hit the iguana but do no damage.
The iguana is severely wounded.
The iguana barely misses you. The iguana bites you!
You die...

#..## .≈.
#...# #.≈.#
...# #..≈.#
#..## ...≈.#
#...##...≈.#
#...#....≈.#
#........§§.
#........§≈≈
##..@l....§§
#.......<..
....###......
###### ####..
#


You could see an iguana.

Vanquished Creatures
  A bullfrog (D:3)
  Robin (D:3)
  4 adders
  2 worms
  2 dart slugs (D:1)
  2 orcs (D:3)
  11 ball pythons
  8 endoplasms
  3 giant cockroaches
  22 goblins
  6 hobgoblins
  9 jackals
  2 quokkas
  5 bats
  3 frilled lizards (D:2)
  7 kobolds
  7 rats
95 creatures vanquished.

Notes
Turn   | Place    | Note
-------+----------+-------------------------------------------
     0 | D:1      | GasterBasher the Formicid Fighter began the quest for the
                  | Orb.
     0 | D:1      | Reached XP level 1. HP: 18/18 MP: 1/1
   175 | D:1      | Reached XP level 2. HP: 22/24 MP: 2/2
   469 | D:1      | Reached XP level 3. HP: 29/29 MP: 3/3
   883 | D:1      | Upgraded the game from 0.30.0-15-g856e2d3f33 to
                  | 0.30.0-18-gc0e69614cb
  1202 | D:2      | Reached XP level 4. HP: 37/37 MP: 4/4
  2052 | D:3      | Reached XP level 5. HP: 40/42 MP: 5/5
  2246 | D:3      | Noticed Robin
  2263 | D:3      | Killed Robin
  2590 | D:3      | Noticed a bullfrog
  2597 | D:3      | Killed a bullfrog
  2598 | D:3      | Reached XP level 6. HP: 48/48 MP: 6/6
  2968 | D:4      | Noticed Duvessa
  2973 | D:4      | Noticed Dowan
  2981 | D:4      | You fall into a shaft and drop 3 floors!
  3154 | D:7      | Slain by an iguana

Illustrated notes

Levels and vault maps discovered:
D:1:      sevenhm_arrival_forest_fort_small_6, layout_basic,
          chequers_serial_rivers_small_b, serial_bayou_pond_a
D:2:      layout_basic
D:3:      kennysheep_goblin_castle, layout_loops_cross, hangedman_decor_growths,
          hangedman_abyss_or_decor_stabs, minmay_misc_feat_enclosed
D:4:      layout_cave_pools, doesnt_xom_only_xom, gammafunk_ghost_nasty_kobolds,
          uniq_edmund, uniq_duvessa, uniq_ijyb, uniq_robin
D:7:      layout_cave_pods, mainiacjoe_overflow_brackets,
          gammafunk_ghost_necromancy

Skill      XL: |  1  2  3  4  5 |
---------------+----------------+-----
Armour         | 4 |  4.5
Axes           | 3 4 |  4.0
Fighting       | 4 |  4.1
Dodging        | |  0.5
Stealth        | |  0.2
Shields        | |  4.8

Action                     |  1- 3 |  4- 6 || total
---------------------------+-------+-------++-------
  Melee: War axe           |    92 |   122 ||   214
         Unarmed           |       |    42 ||    42
Ability: Shaft Self        |       |     1 ||     1
    Use: Scroll            |       |    11 ||    11
 Armour: Scale mail        |    48 |    68 ||   116
  Dodge: Dodged            |    60 |    78 ||   138
  Block: Buckler           |    28 |    49 ||    77
